 Dungeon Crawl Stone Soup version 0.25-a0-1137-g7f6bfe439b (webtiles) character file.

Game seed: 11257352120754411941, levelgen mode: deterministic

429 vurker the Insei (level 6, 0/40 HPs)
             Began as an Octopode Transmuter on May 23, 2020.
             Was a Follower of Wu Jian.
             Slain by an orc wizard
             ... wielding a +0 dagger
              (3 damage)
             ... on level 4 of the Dungeon.
             The game lasted 00:09:56 (4275 turns).

vurker the Insei (Octopode Transmuter)              Turns: 4275, Time: 00:09:56

Health: 0/40       AC:  1    Str:  9    XL:     6   Next: 98%
Magic:  11/11      EV: 18    Int: 16    God:    Wu Jian [*.....]
Gold:   197        SH:  0    Dex: 14    Spells: 3/11 levels left

rFire    . . .     SeeInvis .     - Unarmed
rCold    . . .     Gourm    .   (no shield)
rNeg     . . .     Faith    .   (helmet restricted)
rPois    +         Spirit   .   (no amulet)
rElec    .         Reflect  .   g - ring of poison resistance
rCorr    +         Harm     .   q - ring of flight
MR       .....                  n - +4 ring of evasion
Stlth    +++.......             u - ring of resist corrosion
HPRegen  0.13/turn              (no ring)
MPRegen  0.12/turn              (no ring)
                                (no ring)
                                (no ring)

@: no status effects
A: almost no armour, stealthy swim, amphibious, 8 rings, constrict 8, camouflage
1, gelatinous body 1
a: Renounce Religion, Evoke Flight


You were on level 4 of the Dungeon.
You worshipped Wu Jian.
Wu Jian was aware of your devotion.
You were not hungry.

You visited 1 branch of the dungeon, and saw 4 of its levels.

You collected 197 gold pieces.

Inventory:

Missiles
 a - 12 arrows
Jewellery
 g - a ring of poison resistance (left tentacle)
   (You found it on level 1 of the Dungeon)
 h - an uncursed ring of fire
   (You found it on level 1 of the Dungeon)
 n - a +4 ring of evasion (on tentacle)
   (You found it on level 4 of the Dungeon)
 q - a ring of flight (right tentacle)
   (You found it on level 3 of the Dungeon)
 u - a ring of resist corrosion (on tentacle)
   (You took it off an orc on level 3 of the Dungeon)
Scrolls
 b - 3 scrolls of remove curse
 d - a scroll of blinking
 f - 3 scrolls of fog
 m - a scroll of identify
 p - a scroll of noise {unknown}
Potions
 c - a potion of curing
 i - a potion of might {unknown}
 j - 2 potions of resistance
 k - a potion of lignification {unknown}
 l - 2 potions of heal wounds {unknown}
 o - 3 potions of stabbing {unknown}
 s - a potion of flight {unknown}
 v - a potion of mutation {unknown}
Comestibles
 e - 5 rations
 r - a chunk of flesh


   Skills:
 + Level 2.3 Fighting
 + Level 2.8 Dodging
 * Level 3.6 Stealth
 * Level 4.3 Unarmed Combat
 * Level 3.4 Spellcasting
 * Level 3.7 Transmutations


You had 3 spell levels left.
You knew the following spells:

 Your Spells              Type           Power        Failure   Level  Hunger
a - Beastly Appendage     Tmut           ##....       3%          1    None
b - Blade Hands           Tmut           ##........   71%         5    ######.
q - Sticks to Snakes      Tmut           ##......     6%          2    ##.....

Your spell library contained the following spells:

 Spells                   Type           Power        Failure   Level  Hunger
 Spider Form              Tmut/Pois      #.........   26%         3    ###....
 Ice Form                 Ice/Tmut       #.......     63%         4    ####...


Dungeon Overview and Level Annotations

Branches:
Dungeon (4/15)             Temple (0/1) D:4

Altars:
Elyvilon
Nemelex Xobeh
Qazlal
Wu Jian
The Shining One

Annotations:
D:2 Sigmund


Innate Abilities, Weirdness & Mutations

You cannot wear most types of armour.
You are very stealthy in the water. (Stealth+)
You are amphibious.
You can wear up to eight rings at the same time.
You can use your tentacles to constrict eight enemies at once.
Your skin changes colour to match your surroundings (Stealth+).
Your rubbery body absorbs attacks. (AC +1, EV +1)


Message History

You squeeze the orc wizard! You constrict the orc wizard.
You constrict the orc.
The orc wizard hits you but does no damage.
Something hits you.
* * * LOW HITPOINT WARNING * * *
The orc barely misses you.
You tentacle-slap the orc wizard but do no damage.
You constrict the orc wizard. You constrict the orc.
You kill the orc!
The Council accepts your kill. The orc wizard misses you.
Something barely misses you.
You tentacle-slap the orc wizard but do no damage.
You constrict the orc wizard, but do no damage.
The orc wizard misses you. Something barely misses you.
Unknown command.
You barely miss the orc wizard.
You squeeze the orc wizard, but do no damage.
You constrict the orc wizard. You tentacle-slap the orc wizard. x2
You kill the orc wizard!
The Council accepts your kill. Something closely misses you.
You miss something.
You hear some strange, mumbled words.
You tentacle-slap something but do no damage.
Something closely misses you. x2
You tentacle-slap something. Something barely misses you.
You barely miss something. You closely miss something.
Something completely misses you. Something hits you.
* * * LOW HITPOINT WARNING * * *
You miss something.
You hear some strange, mumbled words.
A puff of flame appears from out of thin air!
The puff of flame hits you!
* * * LOW HITPOINT WARNING * * *
You closely miss something. You squeeze something.
You hear some strange, mumbled words.
A puff of frost appears from out of thin air!
The puff of frost misses you.
You tentacle-slap something. Something hits you but does no damage.
Something hits you but does no damage.
You miss something. Your squeeze misses something. Something hits you.
* * * LOW HITPOINT WARNING * * *
Unknown command.
You tentacle-slap something but do no damage.
Something hits you.
You die...

#######
########.....#####
.......'.....#...#
.......#.....#...#
.......#.....#...#
.......#.....#...#
.......#.....#.{)#
########.....#.)@#
.......#.....#.).#
.......#.....#...#
.......#.....#...#
.......#.....#...#
.......#.....#...#
.......#.....#...#
.......#.....#...#
.#####'#.....#...#


There were no monsters in sight!

Vanquished Creatures
  An ogre (D:4)
  A scorpion (D:4)
  2 orc priests
  2 orc wizards
  Terence (D:2)
  Jessica (D:2)
  A hound skeleton (D:4)
  4 adders
  An ooze (D:1)
  2 worms (D:4)
  A dart slug (D:3)
  A leopard gecko (D:1)
  13 orcs
  6 bats
  5 giant cockroaches
  A goblin (D:1)
  7 hobgoblins
  3 jackals (D:2)
  4 kobolds
  3 quokkas
  A frilled lizard (D:1)
  A quokka skeleton (D:4)
  5 rats
67 creatures vanquished.

Notes
Turn   | Place    | Note
-------+----------+-------------------------------------------
     0 | D:1      | vurker the Octopode Transmuter began the quest for the Orb.
     0 | D:1      | Reached XP level 1. HP: 13/13 MP: 3/3
   345 | D:1      | Reached XP level 2. HP: 17/18 MP: 5/5
   753 | D:2      | Reached skill level 1 in Stealth
   753 | D:2      | Reached XP level 3. HP: 23/23 MP: 6/6
   776 | D:2      | Noticed Jessica
   787 | D:2      | Killed Jessica
  1011 | D:2      | Found an ornate altar of the Wu Jian Council.
  1027 | D:2      | Became a worshipper of the Wu Jian Council
  1111 | D:2      | Reached XP level 4. HP: 28/28 MP: 7/7
  1311 | D:2      | Noticed Sigmund
  1426 | D:2      | Found a white marble altar of Elyvilon.
  1536 | D:2      | Noticed Terence
  1541 | D:2      | Learned a level 2 spell: Sticks to Snakes
  1548 | D:2      | Killed Terence
  1956 | D:3      | Reached * piety under Wu Jian
  1981 | D:3      | Reached XP level 5. HP: 33/34 MP: 9/9
  2432 | D:3      | Found a glowing golden altar of the Shining One.
  2435 | D:3      | Found a stormy altar of Qazlal.
  2436 | D:3      | Found a sparkling altar of Nemelex Xobeh.
  2582 | D:4      | Learned a level 5 spell: Blade Hands
  2671 | D:4      | Reached skill level 4 in Unarmed Combat
  2671 | D:4      | Reached XP level 6. HP: 33/39 MP: 10/10
  3283 | D:4      | Found a staircase to the Ecumenical Temple.
  4275 | D:4      | Slain by an orc wizard

Illustrated notes

Levels and vault maps discovered:
D:1:      minmay_arrival_solitary_statue, layout_rooms, minivault_19
D:2:      minmay_general_purpose_star, layout_loops_ring, lemuel_crystal_altar,
          lemuel_doored_altar, uniq_jessica, uniq_terence, uniq_sigmund
D:3:      layout_rooms, grunt_temple_overflow_open, first_ration
D:4:      layout_gridville, temple_statues, fountainhead,
          uniq_crazy_yiuf_cottage

Skill      XL: |  1  2  3  4  5  6 |
---------------+-------------------+-----
Stealth        | 1 2 3 |  3.6
Transmutations | 3 |  3.7
Spellcasting   | 3 |  3.4
Fighting       | 2 |  2.3
Unarmed Combat | 4 |  4.3
Dodging        | |  2.8

Action                   |  1- 3 |  4- 6 || total
-------------------------+-------+-------++-------
Melee: Unarmed           |    46 |   155 ||   201
       Constrict         |    10 |    35 ||    45
       Tentacles         |     7 |    33 ||    40
       Punch             |     1 |     4 ||     5
       Kick              |       |     6 ||     6
 Cast: Beastly Appendage |       |     3 ||     3
Invok: Lunge             |       |    22 ||    22
       Whirlwind         |       |     5 ||     5
  Use: Scroll            |       |     9 ||     9
       Potion            |       |     1 ||     1
 Stab: Sleeping          |     2 |     6 ||     8
       Distracted        |       |     1 ||     1
  Eat: Chunk             |     1 |     6 ||     7
       Ration            |       |     1 ||     1
Armor: Skin              |     3 |     7 ||    10
Dodge: Dodged            |    31 |    90 ||   121

Table legend:
 A = Non-vault XP
 B = Vault XP
 C = Vault XP percentage of total XP
 D = Non-vault monster count
 E = Vault monster count
 F = Vault count percentage of total count
                 A         B        C        D         E       F
            +---------+---------+-------+---------+---------+-------
      Total |     535 |      79 |  12.9 |      62 |       5 |   7.5
            +---------+---------+-------+---------+---------+-------
        D:1 |      23 |       0 |   0.0 |       9 |       0 |   0.0
        D:2 |      44 |      79 |  64.2 |      17 |       5 |  22.7
        D:3 |     132 |       0 |   0.0 |      20 |       0 |   0.0
        D:4 |     336 |       0 |   0.0 |      16 |       0 |   0.0
            +---------+---------+-------+---------+---------+-------
